 Dungeon Sprint DCSS version 0.21.0-25-ge575cb9ce8 (webtiles) character file.

36269 Morbo the Centaur Blade (level 13, -6/198 HPs)
             Began as a Centaur Berserker on Jan 25, 2018.
             Was the Champion of Trog.
             Killed from afar by a lich (26 damage)
             ... with a bolt of lightning
             ... while paralysed by a lich
             ... in the Dungeon (Sprint IX: "|||||||||||||||||||||||||||||").
             The game lasted 00:08:08 (4032 turns).

Morbo the Centaur Blade (Centaur Berserker)         Turns: 4032, Time: 00:08:09

Health: -6/198     AC: 23    Str: 37    XL:     13   Next: 52%
Magic:  13/13      EV:  1    Int:  6    God:    Trog [******]
Gold:   698        SH:  0    Dex: 13    Spells: 12/12 levels left

rFire    x . .     SeeInvis .   m - +10 zealot's sword {holy, *Rage rN+ EV+3}
rCold    x . .     Gourm    .   M - +1 large shield
rNeg     + . .     Faith    .   L - +0 shadow dragon scales
rPois    +         Spirit   .   s - +0 hat "Foacapsyojy" {rPois rF- rC- Str+8}
rElec    .         Reflect  .   J - +1 cloak
rCorr    .         Harm     +   (no gloves)
MR       .....     Rnd*Rage +   K - +1 centaur barding Stlth ..........NoTele +
                                x - amulet of harm
HPRegen  0.43/turn              p - +3 ring of strength
MPRegen  0.13/turn              q - +2 ring of protection

@: paralysed, berserking, very quick
A: large, hooves 3, deformed body, speed 2, tough skin 3
a: Berserk, Trog's Hand, Brothers in Arms, Burn Spellbooks, Renounce Religion


You were in the Dungeon.
You worshipped Trog.
Trog was exalted by your worship.
You were very hungry.

You visited 1 branch You collected 1926 gold pieces.
You spent 1228 gold pieces at shops.

Inventory:

Hand Weapons
 m - the +10 zealot's sword (weapon) {holy, *Rage rN+ EV+3}
   (You found it in the Dungeon)

   It has been blessed by the Shining One to cause great damage to the undead
   and demons.
   It affects your evasion (+3).
   It protects you from negative energy.
   It may make you go berserk in combat.
 P - a +3 double sword of draining
 Q - a +3 longbow of flaming
 S - a +5 longbow of freezing
Missiles
 O - 153 arrows
Armour
 s - the +0 hat "Foacapsyojy" (worn) {rPois rF- rC- Str+8}
   (You bought it in a shop in the Dungeon)

   It affects your strength (+8).
   It makes you vulnerable to fire.
   It makes you vulnerable to cold.
   It protects you from poison.
 J - a +1 cloak (worn)
 K - a +1 centaur barding (worn)
 L - +0 shadow dragon scales (worn)
 M - a +1 large shield (worn)
Jewellery
 p - a +3 ring of strength (left hand)
 q - a +2 ring of protection (right hand)
 x - an amulet of harm (around neck)
 C - an uncursed amulet of the gourmand
 F - an uncursed ring of protection from magic
 H - an uncursed ring of protection from cold
Wands
 l - a wand of acid (10)
Scrolls
 i - 2 scrolls of blinking
 k - 5 scrolls of remove curse
 t - 4 scrolls of fear
 v - 2 scrolls of identify
 w - 2 scrolls of enchant weapon
 y - a scroll of magic mapping
Potions
 d - 11 potions of curing
 e - 9 potions of heal wounds
 f - 2 potions of haste
 g - 4 potions of magic
 h - a potion of berserk rage
 j - a potion of invisibility
 z - a potion of might
 A - 2 potions of brilliance
 B - 2 potions of degeneration
 N - a potion of agility
Miscellaneous
 u - a lightning rod (4/4)
Comestibles
 c - 9 rations


   Skills:
 + Level 17.3 Fighting
 + Level 21.1 Long Blades
 * Level 12.7 Bows
 + Level 10.1 Armour
 + Level 6.5 Dodging
 * Level 9.3 Shields


You had 12 spell levels left.
You didn't know any spells.

Dungeon Overview and Level Annotations

Branches:
Dungeon (1/1)

Altars:
Cheibriados
Dithmenos
Elyvilon
Fedhas
Gozag
Hepliaklqana
Kikubaaqudgha
Makhleb
Nemelex Xobeh
Okawaru
Qazlal
Ru
Sif Muna
Trog
Uskayaw
Vehumet
Wu Jian
Xom
Yredelemnul
Zin
The Shining One
Beogh
Jiyva
Lugonu

Shops:
D *=([


Innate Abilities, Weirdness & Mutations

You have hooves in place of feet.
Armour fits poorly on your strangely shaped body.
You cover ground very quickly.
You have extremely tough skin. (AC +3)


Message History

You kill the fire dragon!
Trog accepts your kill.
The fire dragon scales are intact enough to wear.
Unknown command.
An ice dragon comes into view.
The ice dragon roars deafeningly!
You hear a shout!
The lich points at you and mumbles some strange words.
You suddenly lose the ability to move!
The lich touches you but does no damage.
The hell knight mumbles some strange words.
The hell knight blinks!
The lich touches you but does no damage.
The hell knight hits you but does no damage.
The lich casts a spell at you.
Helpless, you fail to dodge the bolt of lightning.
* * * LOW HITPOINT WARNING * * *
The rakshasa weaves an illusion.
The lich gestures at you while chanting.
The bolt of lightning hits you!
You die...

.....[.[[[....)))).)).....'......
▓▓▓▓▓▓▓▓▓▓▓▓▓▓▓▓▓▓▓▓▓▓▓▓▓▓▓▓▓▓▓▓▓
.................................
♣▓▓▓▓▓▓▓▓▓▓▓▓▓▓▓▓▓▓▓▓▓▓▓▓▓▓▓▓▓▓▓▓
†...)÷))))†.......†††)†..........
♣▓▓▓▓▓▓▓▓▓▓▓▓▓▓▓▓▓▓▓▓▓▓▓▓▓▓▓▓▓▓▓▓
.................................
▓▓▓▓▓▓▓▓▓▓▓▓▓▓▓▓▓▓▓▓▓▓▓▓▓▓▓▓▓▓▓▓▓
DkCDRpL@))..............
▓▓▓▓▓▓▓▓▓▓▓▓▓▓▓▓▓▓▓▓▓▓▓▓


You could see a fire dragon, an ice dragon, a stone giant, a lich, a rakshasa, a
hell knight and a rime drake.

Vanquished Creatures
  A frost giant (D)
  A ghost moth (D)
  An entropy weaver (D)
  3 stone giants (D)
  Nessos (D)
  An ettin (D)
  A fire dragon (D)
  A merfolk impaler (D)
  2 hydras (D)
  3 naga warriors (D)
  2 ghost crabs (D)
  An anaconda (D)
  A death knight (D)
  A two-headed ogre (D)
  A tengu warrior (D)
  2 alligators (D)
  4 orc high priests (D)
  A shock serpent (D)
  A sea snake (D)
  A glowing orange brain (D)
  A naga ritualist (D)
  3 lindwurms (D)
  2 orc knights (D)
  An orb spider (shapeshifter) (D)
  An ugly thing (D)
  2 cyclopes (D)
  4 manticores (D)
  A guardian serpent (D)
  A naga mage (D)
  A water nymph (D)
  A spiny frog (D)
  2 black mambas (D)
  A rime drake (D)
  A yaktaur (D)
  A demonic crawler (D)
  A troll (D)
  2 merfolk (D)
  5 tyrant leeches (D)
  2 jumping spiders (D)
  2 hippogriffs (D)
  A redback (D)
  A shadow (D)
  3 tarantellas (D)
  A wyvern (D)
  A basilisk (D)
  A water moccasin (D)
  3 porcupines (D)
  A swamp drake (D)
  9 orc warriors (D)
  2 sky beasts (D)
  2 ice beasts (D)
  A black bear (D)
  A boggart (D)
  A wolf (D)
  2 crocodiles (D)
  6 bullfrogs (D)
  A killer bee (D)
  A howler monkey (D)
  A crimson imp (D)
  12 orc priests (D)
  2 orc wizards (D)
  A worker ant (D)
  A shadow imp (D)
  A worm (D)
  9 orcs (D)
  A ball python (D)
  A bat zombie (D)
  2 hobgoblins (D)
  A jackal (D)
  2 rats (D)
137 creatures vanquished.

Vanquished Creatures (collateral kills)
  A slime creature (D)
1 creature vanquished.

Vanquished Creatures (others)
  A spriggan druid (D)
  A spiny frog (D)
2 creatures vanquished.

Grand Total: 140 creatures vanquished

Notes
Turn   | Place    | Note
-------+----------+-------------------------------------------
     0 | D        | Morbo the Centaur Berserker began the quest for the Orb.
     0 | D        | Reached XP level 1. HP: 19/19 MP: 1/1
     9 | D        | Reached skill level 3 in Long Blades
    12 | D        | Reached ** piety under Trog
    13 | D        | Reached skill level 4 in Long Blades
    88 | D        | Noticed a crimson imp
    88 | D        | Noticed a howler monkey
    90 | D        | Reached *** piety under Trog
    90 | D        | Reached XP level 2. HP: 26/26 MP: 2/2
    99 | D        | Killed a howler monkey
    99 | D        | Reached skill level 7 in Long Blades
    99 | D        | Reached XP level 3. HP: 31/31 MP: 3/3
   100 | D        | Reached skill level 8 in Long Blades
   100 | D        | Reached XP level 4. HP: 38/38 MP: 4/4
   124 | D        | Found a roughly hewn altar of Beogh.
   124 | D        | Found a snail-covered altar of Cheibriados.
   124 | D        | Found a shadowy altar of Dithmenos.
   124 | D        | Found a white marble altar of Elyvilon.
   124 | D        | Found a blossoming altar of Fedhas.
   124 | D        | Found an opulent altar of Gozag.
   125 | D        | Found a hazy altar of Hepliaklqana.
   126 | D        | Found a viscous altar of Jiyva.
   127 | D        | Found an ancient bone altar of Kikubaaqudgha.
   128 | D        | Found a corrupted altar of Lugonu.
   129 | D        | Found a burning altar of Makhleb.
   130 | D        | Found a sparkling altar of Nemelex Xobeh.
   131 | D        | Found an iron altar of Okawaru.
   132 | D        | Found a stormy altar of Qazlal.
   133 | D        | Found a sacrificial altar of Ru.
   134 | D        | Found a deep blue altar of Sif Muna.
   135 | D        | Found a bloodstained altar of Trog.
   136 | D        | Found a hide-covered altar of Uskayaw.
   137 | D        | Found a radiant altar of Vehumet.
   138 | D        | Found an ornate altar of the Wu Jian Council.
   139 | D        | Found a shimmering altar of Xom.
   140 | D        | Found a basalt altar of Yredelemnul.
   141 | D        | Found a glowing silver altar of Zin.
   142 | D        | Found a glowing golden altar of the Shining One.
   151 | D        | Found the +10 zealot's sword {holy, *Rage rN+ EV+3}
   172 | D        | Noticed an ice beast
   172 | D        | Noticed a black bear
   172 | D        | Noticed an ice beast
   175 | D        | Killed an ice beast
   175 | D        | Reached **** piety under Trog
   175 | D        | Reached skill level 9 in Long Blades
   175 | D        | Reached XP level 5. HP: 47/47 MP: 5/5
   176 | D        | Killed a black bear
   176 | D        | Reached skill level 5 in Fighting
   176 | D        | Reached skill level 10 in Long Blades
   185 | D        | Reached XP level 6. HP: 38/56 MP: 6/6
   188 | D        | Killed an ice beast
   188 | D        | Reached skill level 11 in Long Blades
   191 | D        | Reached ***** piety under Trog
   330 | D        | Noticed a cyclops
   330 | D        | Noticed a troll
   330 | D        | Noticed a shadow
   330 | D        | Noticed a sky beast
   330 | D        | Noticed a two-headed ogre
   333 | D        | Killed a two-headed ogre
   333 | D        | Reached skill level 13 in Long Blades
   333 | D        | Reached XP level 7. HP: 68/68 MP: 7/7
   333 | D        | Reached XP level 8. HP: 74/74 MP: 8/8
   338 | D        | Reached skill level 14 in Long Blades
   341 | D        | Killed a troll
   348 | D        | Killed a cyclops
   348 | D        | Received a gift from Trog
   348 | D        | Reached skill level 15 in Long Blades
   348 | D        | Reached XP level 9. HP: 76/84 MP: 9/9
   495 | D        | Noticed a rime drake
   508 | D        | Killed a rime drake
   508 | D        | Reached skill level 10 in Fighting
   516 | D        | Reached skill level 16 in Long Blades
   520 | D        | Reached ****** piety under Trog
   520 | D        | Received a gift from Trog
   714 | D        | Noticed a spiny frog
   714 | D        | Noticed a black mamba
   717 | D        | Killed a black mamba
   723 | D        | Killed a spiny frog
   724 | D        | Received a gift from Trog
   729 | D        | Reached XP level 10. HP: 95/95 MP: 10/10
   731 | D        | Reached skill level 5 in Dodging
   734 | D        | Reached skill level 17 in Long Blades
   915 | D        | Noticed a lindwurm
   915 | D        | Noticed a lindwurm
   915 | D        | Noticed a lindwurm
   920 | D        | Killed a lindwurm
   925 | D        | Received a gift from Trog
   927 | D        | Killed a lindwurm
   934 | D        | Killed a lindwurm
   934 | D        | Reached skill level 18 in Long Blades
  1385 | D        | Noticed a stone giant
  1395 | D        | Received a gift from Trog
  1398 | D        | Killed a stone giant
  1401 | D        | Received a gift from Trog
  1517 | D        | Noticed an orc knight
  1545 | D        | Reached XP level 11. HP: 98/106 MP: 11/11
  1606 | D        | Killed an orc knight
  1611 | D        | Received a gift from Trog
  1614 | D        | Reached skill level 19 in Long Blades
  1760 | D        | Noticed an orc knight
  1768 | D        | Killed an orc knight
  1837 | D        | Received a gift from Trog
  2015 | D        | Found Caod's Antique Armour Boutique.
  2015 | D        | Noticed an orc high priest
  2015 | D        | Noticed an orc high priest
  2015 | D        | Noticed an orc high priest
  2019 | D        | Killed an orc high priest
  2023 | D        | Killed an orc high priest
  2023 | D        | Reached skill level 5 in Armour
  2025 | D        | Found Riugraag's Weapon Shop.
  2030 | D        | Killed an orc high priest
  2031 | D        | Found Riomerch's Jewellery Boutique.
  2035 | D        | Found Mihi's Assorted Antiques.
  2038 | D        | Received a gift from Trog
  2043 | D        | Noticed an orc high priest
  2048 | D        | Noticed a sun demon
  2048 | D        | Killed an orc high priest
  2109 | D        | Bought a jewelled hat for 234 gold pieces
  2113 | D        | Bought an uncursed amulet of harm for 420 gold pieces
  2115 | D        | Bought a lumpy grey potion for 18 gold pieces
  2115 | D        | Bought a scroll labeled VEULOKHL ONATU for 20 gold pieces
  2115 | D        | Bought a lumpy sapphire potion for 18 gold pieces
  2115 | D        | Bought 2 fuming purple potions for 36 gold pieces
  2115 | D        | Bought a thick blue amulet for 100 gold pieces
  2115 | D        | Bought 2 scrolls of identify for 80 gold pieces
  2115 | D        | Bought 2 potions of curing for 120 gold pieces
  2128 | D        | Identified the +0 hat "Foacapsyojy" {rPois rF- rC- Str+8} (You bought it in a shop in the Dungeon)
  2129 | D        | Bought a heavily runed leather armour for 182 gold pieces
  2139 | D        | Identified the +1 leather armour of Masochism {Int+6} (You bought it in a shop in the Dungeon)
  2454 | D        | Noticed a four-headed hydra
  2454 | D        | Noticed a death knight
  2454 | D        | Noticed a cyan ugly thing
  2457 | D        | Killed a cyan ugly thing
  2457 | D        | Reached skill level 1 in Bows
  2459 | D        | Noticed an orb spider
  2462 | D        | Killed a death knight
  2462 | D        | Reached skill level 1 in Shields
  2465 | D        | Received a gift from Trog
  2466 | D        | Noticed a stone giant
  2468 | D        | Reached skill level 20 in Long Blades
  2469 | D        | Noticed a tengu warrior
  2471 | D        | Noticed a glowing orange brain
  2475 | D        | Killed a seven-headed hydra
  2477 | D        | Noticed an ettin
  2481 | D        | Killed a stone giant
  2481 | D        | Reached skill level 15 in Fighting
  2481 | D        | Reached skill level 5 in Bows
  2481 | D        | Reached XP level 12. HP: 119/119 MP: 12/12
  2482 | D        | Received a gift from Trog
  2483 | D        | Noticed a stone giant
  2485 | D        | Killed a tengu warrior
  2493 | D        | Killed an ettin
  2566 | D        | Killed a stone giant
  2566 | D        | Received a gift from Trog
  3030 | D        | Noticed Nessos
  3044 | D        | Killed Nessos
  3237 | D        | Received a gift from Trog
  3243 | D        | Killed a ghost moth
  3243 | D        | Reached skill level 5 in Shields
  3246 | D        | Noticed an entropy weaver
  3259 | D        | Killed an entropy weaver
  3259 | D        | Received a gift from Trog
  3307 | D        | Noticed a naga warrior
  3307 | D        | Noticed a naga warrior
  3310 | D        | Noticed an anaconda
  3313 | D        | Noticed a naga warrior
  3316 | D        | Killed a naga warrior
  3316 | D        | Reached skill level 10 in Bows
  3323 | D        | Killed a naga warrior
  3325 | D        | Received a gift from Trog
  3327 | D        | Received a gift from Trog
  3332 | D        | Killed an anaconda
  3332 | D        | Reached XP level 13. HP: 130/130 MP: 13/13
  3337 | D        | Received a gift from Trog
  3520 | D        | Received a gift from Trog
  3522 | D        | Received a gift from Trog
  3527 | D        | Received a gift from Trog
  3611 | D        | Noticed a merfolk impaler
  3616 | D        | Killed a merfolk impaler
  3618 | D        | Reached skill level 21 in Long Blades
  3642 | D        | Received a gift from Trog
  4017 | D        | Noticed a lich
  4017 | D        | Noticed a fire dragon
  4017 | D        | Noticed a frost giant
  4018 | D        | Noticed a fire dragon
  4022 | D        | Killed a frost giant
  4022 | D        | Received a gift from Trog
  4022 | D        | Reached skill level 10 in Armour
  4023 | D        | Noticed a stone giant
  4028 | D        | Killed a fire dragon
  4029 | D        | Paralysed by a lich for 4 turns
  4032 | D        | Killed from afar by a lich

Skill      XL: |  1  2  3  4  5  6  7  8  9 10 11 12 13 |
---------------+----------------------------------------+-----
Long Blades    | 4 7 8 9 10 13 15 16 18 20 21 | 21.1
Fighting       | 4 5 8 9 11 12 15 16 17 | 17.3
Armour         | 2 3 4 6 9 10 | 10.1
Dodging        | 2 3 4 5 6 |  6.5
Bows           | 5 10 12 | 12.7
Shields        | 3 6 9 |  9.3

Action                   |  1- 3 |  4- 6 |  7- 9 | 10-12 | 13-15 || total
-------------------------+-------+-------+-------+-------+-------++-------
Melee: Falchion          |    21 |       |       |       |       ||    21
       Kick              |     4 |     8 |    12 |    61 |    21 ||   106
       Eudemon blade     |       |    19 |    45 |   177 |    43 ||   284
Invok: Berserk           |     1 |     1 |     1 |     9 |     3 ||    15
       Brothers in Arms  |       |       |       |     1 |       ||     1
Evoke: Lightning rod     |       |       |       |     2 |       ||     2
  Use: Scroll            |       |       |       |       |     3 ||     3
  Eat: Chunk             |       |       |     1 |    11 |     3 ||    15
       Ration            |       |       |       |     2 |       ||     2
Armor: Animal skin       |     4 |     4 |     3 |     1 |       ||    12
       Chain mail        |       |       |       |    10 |       ||    10
       Shadow dragon sca |       |       |       |    17 |    11 ||    28
Dodge: Dodged            |    10 |     9 |    15 |    23 |     7 ||    64
Block: Large shield      |       |       |       |    41 |    30 ||    71
       Rpst.: Falchion   |     4 |       |       |       |       ||     4
       Eudemon blade     |       |     3 |     3 |     6 |     1 ||    13
